 Dungeon Crawl Stone Soup version 0.23-a0-890-gc183402 (webtiles) character file.

Game seed: 12519980260940647551

1871 tidbits the Insei (level 9, 66/66 HPs)
             Began as a Gnoll Transmuter on Jan 28, 2019.
             Quit the game on level 5 of the Dungeon.
             The game lasted 00:22:27 (2410 turns).

tidbits the Insei (Gnoll Transmuter)                Turns: 2410, Time: 00:22:28

Health: 66/66      AC:  6    Str: 12    XL:     9   Next: 13%
Magic:  18/18      EV: 31    Int: 20    God:
Gold:   16         SH:  0    Dex: 18    Spells: 5/20 levels left

rFire    . . .     SeeInvis .     - Unarmed
rCold    . . .     Gourm    .   (no shield)
rNeg     . . .     Faith    .   B - +0 robe
rPois    .         Spirit   .   E - +2 helmet
rElec    .         Reflect  .   (no cloak)
rCorr    .         Harm     .   G - +0 pair of gloves
MR       .....                  (no boots)
Stlth    +++.......             y - amulet of the acrobat
HPRegen  0.21/turn              u - +3 ring of dexterity
MPRegen  0.16/turn              (no ring)

@: acrobat
A: distributed training, fangs 1, strong nose
a: no special abilities


You were on level 5 of the Dungeon.
You were full.

You visited 1 branch of the dungeon, and saw 8 of its levels.
You also visited: Sewer.

You collected 149 gold pieces.
You spent 133 gold pieces at shops.

Inventory:

Hand Weapons
 w - a +2 mace of holy wrath
   (You took it off an orc on level 4 of the Dungeon)
 F - a +0 longbow
 H - the +9 long sword of Circular Logic {slice, -Tele +Inv Str+3, unknown}
   (You found it on level 4 of the Dungeon)

   It inflicts extra damage upon your enemies.
   It affects your strength (+3).
   It lets you turn invisible.
   It prevents most forms of teleportation.
Missiles
 a - 119 arrows
 q - 4 throwing nets (quivered) {!f}
Armour
 b - a +0 ring mail
 B - a +0 robe (worn)
 D - +1 fire dragon scales
 E - a +2 helmet (worn)
 G - a +0 pair of gloves (worn)
Jewellery
 u - a +3 ring of dexterity (left hand)
   (You found it on level 6 of the Dungeon)
 y - an amulet of the acrobat (around neck)
   (You found it on level 7 of the Dungeon)
Wands
 x - a wand of iceblast (11)
Scrolls
 d - 3 scrolls of fog
 e - a scroll of fear {unknown}
 f - a scroll of immolation {!r}
 p - 2 scrolls of blinking {unknown}
 r - 4 scrolls of remove curse
 t - 2 scrolls of teleportation {unknown}
 v - a scroll of noise {!r}
Potions
 g - 3 potions of cancellation {unknown}
 h - a potion of magic {unknown}
 i - a potion of berserk rage {unknown}
 j - a potion of resistance {unknown}
 k - 6 potions of might
 l - 3 potions of heal wounds {unknown}
 m - a potion of haste {unknown}
 n - 5 potions of curing {unknown}
 o - 3 potions of flight
 s - a potion of lignification
 z - a potion of degeneration {unknown}
 A - a potion of invisibility {unknown}
 C - 3 potions of experience {unknown}
Comestibles
 c - 4 rations


   Skills:
 + Level 4.7 Fighting
 + Level 3.9 Short Blades
 + Level 3.9 Long Blades
 + Level 3.9 Axes
 + Level 3.9 Maces & Flails
 + Level 3.9 Polearms
 + Level 3.9 Staves
 + Level 3.9 Slings
 + Level 3.9 Bows
 + Level 3.9 Crossbows
 + Level 3.9 Throwing
 + Level 3.9 Armour
 + Level 6.1 Dodging
 + Level 3.9 Stealth
 + Level 3.9 Shields
 + Level 7.7 Unarmed Combat
 + Level 6.4 Spellcasting
 + Level 3.2 Conjurations
 + Level 3.2 Hexes
 + Level 3.2 Charms
 + Level 3.2 Summonings
 + Level 3.2 Necromancy
 + Level 3.2 Translocations
 + Level 5.0 Transmutations
 + Level 3.2 Fire Magic
 + Level 3.2 Ice Magic
 + Level 3.2 Air Magic
 + Level 3.2 Earth Magic
 + Level 3.2 Poison Magic
 + Level 4.2 Invocations
 + Level 3.9 Evocations


You had 5 spell levels left.
You knew the following spells:

 Your Spells              Type           Power        Failure   Level  Hunger
e - Beastly Appendage     Tmut           ####..       1%          1    None
h - Blade Hands           Tmut           ####......   34%         5    #####..
i - Ice Form              Ice/Tmut       ###.....     19%         4    ####...
k - Sticks to Snakes      Tmut           ####....     1%          2    None
p - Spider Form           Tmut/Pois      ###.......   5%          3    ##.....

Your spell library contained the following spells:

 Spells                   Type           Power        Failure   Level  Hunger


Dungeon Overview and Level Annotations

Branches:
Dungeon (8/15)
 Temple: D:4-7         Lair: D:8-11

Altars:
Dithmenos
Gozag
Wu Jian
Yredelemnul

Shops:
D:6 *

Annotations:
D:5 2 runed translucent doors


Innate Abilities, Weirdness & Mutations

Your experience applies equally to all skills.
You have very sharp teeth.
Your uncanny sense of smell can sniff out nearby items.


Message History

As you read the scroll labeled GOELOINAIZ, it crumbles to dust.
You feel aware of your surroundings.
You sensed 1 altar.
It was a scroll of magic mapping.
There is an open door here.
Your transformation is almost over.
Your adder withers and dies!
There is an open door here.
Magic restored.
There is a stone staircase leading up here.
Your transformation has ended.
Your +2 helmet unmelds from your body.
Your +0 pair of gloves unmelds from your body.
Your +0 robe unmelds from your body.
You climb upwards.
There is a stone staircase leading down here.
Unknown command.
You open the door.
There is an open door here.
You open the door.
Unknown command.
Found a scratched opal ring.
You see here a scratched opal ring.
u - a scratched opal ring Put on which piece of jewellery? (? for menu, Esc to quit)
You feel agile.
u - a +3 ring of dexterity (left hand) Unknown command.
Unknown command.
You open the door. As you open the door, it creaks loudly!
There is a stone staircase leading up here.
You climb upwards.
Level annotation: 2 runed translucent doors
There is a stone staircase leading down here.
Unknown command.
Unknown command.
There is a stone staircase leading up here.
You climb upwards.
There is a stone staircase leading down here.
Unknown command.
Found a polished long sword.
You see here a polished long sword.
H - a polished long sword You see here 9 gold pieces.
A scorpion comes into view.
Casting: Sticks to Snakes (safe; 1% risk of failure)
Confirm with . or Enter, or press ? or * to list all spells.
You turn into a venomous arachnid creature.
Your +2 helmet melds into your body.
Your +0 pair of gloves melds into your body.
Your +0 robe melds into your body.
Unknown command.
Casting: Spider Form (safe; 16% risk of failure)
Confirm with . or Enter, or press ? or * to list all spells.
You create a snake!
You now have 119 arrows.
Unknown command.
The scorpion misses you.
You barely miss the scorpion. The scorpion stings you!
You barely miss the scorpion. The scorpion misses you.
You completely miss the scorpion. The scorpion misses you.
Your ball python closely misses the scorpion.
Your ball python barely misses the scorpion.
You hit the scorpion.
The scorpion is poisoned.
The scorpion is lightly wounded.
The scorpion misses you.
Your ball python closely misses the scorpion. x2
You hit the scorpion but do no damage.
The scorpion looks as sick as possible!
The scorpion is lightly wounded.
Your ball python bites the scorpion but does no damage.
Your ball python grabs the scorpion.
Your ball python constricts the scorpion.
The scorpion stings your ball python.
Your ball python dies!
You hit the scorpion but do no damage.
The scorpion looks as sick as possible!
The scorpion is heavily wounded.
You kill the scorpion!
A worker ant comes into view.
Your transformation is almost over.
Found a stone staircase leading down.
Unknown command.
The worker ant completely misses you.
Unknown command.
You hit the worker ant.
The worker ant is moderately wounded.
The worker ant closely misses you.
You bite the worker ant!
You kill the worker ant!
You see here a worker ant corpse.
Your transformation has ended.
Your +2 helmet unmelds from your body.
Your +0 pair of gloves unmelds from your body.
Your +0 robe unmelds from your body.
There is a stone staircase leading down here.
You climb downwards.
Level annotation: 2 runed translucent doors
There is a stone staircase leading up here.
Unknown command.
Unknown command.
There is a stone staircase leading down here.
Are you sure you want to abandon this character and quit the game? (Confirm with "yes".)

##.....##.................... #
#.......##...................
#.###......((()..................
............##(..(...............
......##.........(...............
#.#..............................
# ##...................####......
#####..#............###...#...
##.#...#.@.......##..#####
##.#....##..#........## #.
#..#........#######..# ##
#...........#.#..##..## ##
#..##......#..........## #. ##.
#......#...........####
###...##..................
#....##.................
##...#...............<..


There were no monsters in sight!

Vanquished Creatures
  A troll (D:8)
  Grinder (D:3)
  A hippogriff (D:7)
  A water moccasin (D:6)
  2 ogres
  A phantom (D:7)
  A big kobold (D:5)
  2 bullfrogs
  2 scorpions
  3 howler monkeys
  A bullfrog zombie (D:5)
  A centaur skeleton (D:5)
  2 jellies
  A gnoll shaman (D:7)
  2 iguanas
  3 worker ants
  A killer bee zombie (D:5)
  A howler monkey zombie (D:7)
  A worker ant zombie (D:5)
  5 gnolls (D:7)
  11 adders
  A shadow imp (D:7)
  3 adder skeletons
  4 leopard geckos
  9 orcs
  8 ball pythons
  4 giant cockroaches
  2 goblins (D:3)
  5 hobgoblins
  2 jackals (D:7)
  7 kobolds (D:5)
  3 quokkas
  2 bats
  12 frilled lizards
  A jackal skeleton (D:5)
  A leopard gecko zombie (D:7)
  2 quokka zombies
  A rat (D:4)
111 creatures vanquished.

Vanquished Creatures (collateral kills)
  An adder skeleton (D:4)
  A rat (D:4)
2 creatures vanquished.

Grand Total: 113 creatures vanquished

Notes
Turn   | Place    | Note
-------+----------+-------------------------------------------
     0 | D:1      | tidbits the Gnoll Transmuter began the quest for the Orb.
     0 | D:1      | Reached XP level 1. HP: 17/17 MP: 6/6
   112 | D:2      | Reached XP level 2. HP: 21/23 MP: 5/7
   116 | D:2      | Learned a level 2 spell: Sticks to Snakes
   392 | D:3      | Reached skill level 5 in Spellcasting
   392 | D:3      | Reached XP level 3. HP: 28/28 MP: 4/9
   397 | D:3      | Learned a level 3 spell: Spider Form
   453 | D:3      | Reached skill level 1 in Invocations
   489 | D:3      | Noticed Grinder
   499 | D:3      | Killed Grinder
   499 | D:3      | Reached skill level 3 in Fighting
   499 | D:3      | Reached skill level 1 in Short Blades
   499 | D:3      | Reached skill level 1 in Long Blades
   499 | D:3      | Reached skill level 1 in Axes
   499 | D:3      | Reached skill level 1 in Maces & Flails
   499 | D:3      | Reached skill level 1 in Polearms
   499 | D:3      | Reached skill level 1 in Staves
   499 | D:3      | Reached skill level 1 in Slings
   499 | D:3      | Reached skill level 1 in Bows
   499 | D:3      | Reached skill level 1 in Crossbows
   499 | D:3      | Reached skill level 1 in Throwing
   499 | D:3      | Reached skill level 1 in Armour
   499 | D:3      | Reached skill level 1 in Stealth
   499 | D:3      | Reached skill level 1 in Shields
   499 | D:3      | Reached skill level 1 in Conjurations
   499 | D:3      | Reached skill level 1 in Hexes
   499 | D:3      | Reached skill level 1 in Charms
   499 | D:3      | Reached skill level 1 in Summonings
   499 | D:3      | Reached skill level 1 in Necromancy
   499 | D:3      | Reached skill level 1 in Translocations
   499 | D:3      | Reached skill level 4 in Transmutations
   499 | D:3      | Reached skill level 1 in Fire Magic
   499 | D:3      | Reached skill level 1 in Ice Magic
   499 | D:3      | Reached skill level 1 in Air Magic
   499 | D:3      | Reached skill level 1 in Earth Magic
   499 | D:3      | Reached skill level 1 in Poison Magic
   499 | D:3      | Reached skill level 1 in Evocations
   499 | D:3      | Reached XP level 4. HP: 17/35 MP: 4/11
   499 | D:3      | Reached XP level 5. HP: 20/41 MP: 4/12
   499 | D:3      | Reached XP level 6. HP: 23/47 MP: 4/13
   505 | D:3      | Reached skill level 2 in Invocations
   753 | D:5      | Entered Level 5 of the Dungeon
   788 | D:5      | Found a runed translucent door.
   796 | D:5      | Found a runed translucent door.
   796 | D:5      | Noticed a soldier ant
   837 | D:4      | Found a glowing drain.
   849 | D:4      | Reached skill level 5 in Dodging
   853 | Sewer    | Entered a sewer
   923 | Sewer    | Learned a level 4 spell: Ice Form
  1016 | Sewer    | Reached skill level 2 in Short Blades
  1016 | Sewer    | Reached skill level 2 in Long Blades
  1016 | Sewer    | Reached skill level 2 in Axes
  1016 | Sewer    | Reached skill level 2 in Maces & Flails
  1016 | Sewer    | Reached skill level 2 in Polearms
  1016 | Sewer    | Reached skill level 2 in Staves
  1016 | Sewer    | Reached skill level 2 in Slings
  1016 | Sewer    | Reached skill level 2 in Bows
  1016 | Sewer    | Reached skill level 2 in Crossbows
  1016 | Sewer    | Reached skill level 2 in Throwing
  1016 | Sewer    | Reached skill level 2 in Armour
  1016 | Sewer    | Reached skill level 2 in Stealth
  1016 | Sewer    | Reached skill level 2 in Shields
  1016 | Sewer    | Reached skill level 2 in Evocations
  1146 | D:4      | Reached XP level 7. HP: 50/52 MP: 1/15
  1247 | D:5      | Reached skill level 7 in Unarmed Combat
  1247 | D:5      | Reached skill level 2 in Conjurations
  1247 | D:5      | Reached skill level 2 in Hexes
  1247 | D:5      | Reached skill level 2 in Charms
  1247 | D:5      | Reached skill level 2 in Summonings
  1247 | D:5      | Reached skill level 2 in Necromancy
  1247 | D:5      | Reached skill level 2 in Translocations
  1247 | D:5      | Reached skill level 2 in Fire Magic
  1247 | D:5      | Reached skill level 2 in Ice Magic
  1247 | D:5      | Reached skill level 2 in Air Magic
  1247 | D:5      | Reached skill level 2 in Earth Magic
  1247 | D:5      | Reached skill level 2 in Poison Magic
  1347 | D:5      | Reached skill level 3 in Invocations
  1355 | D:6      | Found Xono's Assorted Antiques.
  1404 | D:6      | Bought 3 fizzy sapphire potions for 64 gold pieces
  1404 | D:6      | Bought a scroll labeled VEYNUL RAIM for 24 gold pieces
  1404 | D:6      | Bought a brown potion for 21 gold pieces
  1404 | D:6      | Bought a scroll labeled POYFEJAMUT for 24 gold pieces
  1417 | D:6      | Learned a level 5 spell: Blade Hands
  1489 | D:6      | Reached XP level 8. HP: 60/60 MP: 1/16
  1564 | D:6      | Found a basalt altar of Yredelemnul.
  1594 | D:7      | Found a shadowy altar of Dithmenos.
  1621 | D:7      | Reached skill level 4 in Fighting
  1630 | D:7      | Reached skill level 3 in Short Blades
  1630 | D:7      | Reached skill level 3 in Long Blades
  1630 | D:7      | Reached skill level 3 in Axes
  1630 | D:7      | Reached skill level 3 in Maces & Flails
  1630 | D:7      | Reached skill level 3 in Polearms
  1630 | D:7      | Reached skill level 3 in Staves
  1630 | D:7      | Reached skill level 3 in Slings
  1630 | D:7      | Reached skill level 3 in Bows
  1630 | D:7      | Reached skill level 3 in Crossbows
  1630 | D:7      | Reached skill level 3 in Throwing
  1630 | D:7      | Reached skill level 3 in Armour
  1630 | D:7      | Reached skill level 3 in Stealth
  1630 | D:7      | Reached skill level 3 in Shields
  1630 | D:7      | Reached skill level 3 in Evocations
  1677 | D:8      | Reached skill level 6 in Spellcasting
  1747 | D:7      | Noticed a hippogriff
  1748 | D:7      | Found an opulent altar of Gozag.
  1756 | D:7      | Killed a hippogriff
  1784 | D:6      | Found an ornate altar of the Wu Jian Council.
  1971 | D:8      | Noticed a troll
  1979 | D:8      | Killed a troll
  1979 | D:8      | Reached skill level 6 in Dodging
  1979 | D:8      | Reached skill level 3 in Conjurations
  1979 | D:8      | Reached skill level 3 in Hexes
  1979 | D:8      | Reached skill level 3 in Charms
  1979 | D:8      | Reached skill level 3 in Summonings
  1979 | D:8      | Reached skill level 3 in Necromancy
  1979 | D:8      | Reached skill level 3 in Translocations
  1979 | D:8      | Reached skill level 3 in Fire Magic
  1979 | D:8      | Reached skill level 3 in Ice Magic
  1979 | D:8      | Reached skill level 3 in Air Magic
  1979 | D:8      | Reached skill level 3 in Earth Magic
  1979 | D:8      | Reached skill level 3 in Poison Magic
  1979 | D:8      | Reached skill level 4 in Invocations
  1979 | D:8      | Reached XP level 9. HP: 41/66 MP: 12/18
  1981 | D:8      | Reached skill level 5 in Transmutations
  2331 | D:4      | Got a polished long sword
  2410 | D:5      | Quit the game

Vault maps used:
D:1:      lightli_arrival_flooded_house
D:2:      nicolae_ru_the_path_less_chosen, first_ration, uniq_jessica
D:3:      minmay_snake_closets, uniq_grinder
D:4:      elyvilon_altar_5, cheibrodos_sewer_entry_drain
D:5:      lemuel_insect_pit
D:6:      kennysheep_mini, lemuel_doored_altar,
          minmay_temple_entry_purple_smoke, serial_shops, shop
D:7:      nicolae_dithmenos_the_darkroom, tso_oasis_becter, marbit_many_paths
D:8:      small_chamber_with_monster, hangedman_little_slice_of_home,
          grunt_decor_clamped
Sewer:    sewer_co_cracked_pipes

Skill      XL: |  1  2  3  4  5  6  7  8  9 |
---------------+----------------------------+-----
Spellcasting   | 5 6 |  6.4
Invocations    | 1 2 3 4 |  4.2
Fighting       | 3 4 |  4.7
Short Blades   | 1 2 3 |  3.9
Long Blades    | 1 2 3 |  3.9
Axes           | 1 2 3 |  3.9
Maces & Flails | 1 2 3 |  3.9
Polearms       | 1 2 3 |  3.9
Staves         | 1 2 3 |  3.9
Slings         | 1 2 3 |  3.9
Bows           | 1 2 3 |  3.9
Crossbows      | 1 2 3 |  3.9
Throwing       | 1 2 3 |  3.9
Armour         | 1 2 3 |  3.9
Stealth        | 1 2 3 |  3.9
Shields        | 1 2 3 |  3.9
Conjurations   | 1 2 3 |  3.2
Hexes          | 1 2 3 |  3.2
Charms         | 1 2 3 |  3.2
Summonings     | 1 2 3 |  3.2
Necromancy     | 1 2 3 |  3.2
Translocations | 1 2 3 |  3.2
Transmutations | 4 5 |  5.0
Fire Magic     | 1 2 3 |  3.2
Ice Magic      | 1 2 3 |  3.2
Air Magic      | 1 2 3 |  3.2
Earth Magic    | 1 2 3 |  3.2
Poison Magic   | 1 2 3 |  3.2
Evocations     | 1 2 3 |  3.9
Dodging        | 5 6 |  6.1
Unarmed Combat | 7 |  7.7

Action                   |  1- 3 |  4- 6 |  7- 9 || total
-------------------------+-------+-------+-------++-------
Melee: Unarmed           |    59 |    69 |   150 ||   278
       Kick              |     2 |     2 |     3 ||     7
       Punch             |     1 |       |     1 ||     2
       Headbutt          |     5 |       |       ||     5
       Bite              |     4 |     1 |       ||     5
 Cast: Beastly Appendage |    11 |     2 |     1 ||    14
       Sticks to Snakes  |     5 |     3 |     8 ||    16
       Spider Form       |     1 |     7 |    14 ||    22
       Ice Form          |       |     3 |     2 ||     5
Evoke: Wand              |       |       |     4 ||     4
  Use: Scroll            |       |     2 |     9 ||    11
       Potion            |       |       |     2 ||     2
 Stab: Sleeping          |     1 |     3 |     5 ||     9
       Distracted        |     1 |     1 |     1 ||     3
  Eat: Ration            |     1 |       |     2 ||     3
       Chunk             |       |       |     3 ||     3
Armor: Robe              |     7 |     2 |       ||     9
       Skin              |     1 |     1 |    14 ||    16
Dodge: Dodged            |    27 |    45 |   110 ||   182

Table legend:
 A = Non-vault XP
 B = Vault XP
 C = Vault XP percentage of total XP
 D = Non-vault monster count
 E = Vault monster count
 F = Vault count percentage of total count
                 A         B        C        D         E       F
            +---------+---------+-------+---------+---------+-------
      Total |    1775 |     899 |  33.6 |      89 |      24 |  21.2
            +---------+---------+-------+---------+---------+-------
        D:1 |       8 |       0 |   0.0 |       5 |       0 |   0.0
        D:2 |       2 |       0 |   0.0 |       1 |       0 |   0.0
        D:3 |      71 |     295 |  80.6 |      13 |       8 |  38.1
        D:4 |     288 |       4 |   1.4 |      16 |       3 |  15.8
        D:5 |     477 |       0 |   0.0 |      22 |       0 |   0.0
        D:6 |     257 |       0 |   0.0 |       9 |       0 |   0.0
        D:7 |     507 |     250 |  33.0 |      21 |       1 |   4.5
        D:8 |     165 |     301 |  64.6 |       2 |       1 |  33.3
      Sewer |       0 |      49 | 100.0 |       0 |      11 | 100.0
            +---------+---------+-------+---------+---------+-------

Table legend:
 A = Turns spent in this place as a percentage of turns spent in the entire game.
 B = Non-inter-level travel turns spent in this place as a percentage of non-inter-level travel turns spent in the entire game.
 C = Inter-level travel turns spent in this place as a percentage of turns spent in this place.
 D = Turns resting spent in this place as a percentage of non-inter-level travel turns spent in this place.
 E = Turns spent auto-exploring this place as a percentage of non-inter-level travel turns spent in this place.
 F = Non-inter-level travel turns spent in this place divided by the number of levels of this place that you've seen.
                   A       B       C       D       E      F
               +-------+-------+-------+-------+-------+----------------------
         Total | 100.0 | 100.0 |   5.6 |   0.0 |   0.0 | 252.8
       Dungeon |  90.3 |  89.7 |   6.2 |   0.0 |   0.0 | 255.1
         Sewer |   9.7 |  10.3 |   0.0 |   0.0 |   0.0 | 234.0
               +-------+-------+-------+-------+-------+----------------------

Table legend:
 A = Kills in this place as a percentage of kills in entire the game.
 B = Kills by you in this place as a percentage of kills by you in the entire game.
 C = Kills by friends in this place as a percentage of kills by friends in the entire game.
 D = Other kills in this place as a percentage of other kills in the entire game.
 E = Experience gained in this place as a percentage of experience gained in the entire game.
 F = Experience gained in this place divided by the number of levels of this place that you have seen.
                   A       B       C       D       E      F
               +-------+-------+-------+-------+-------+----------------------
         Total | 100.0 | 100.0 | 100.0 |   N/A | 100.0 | 297.1
       Dungeon |  90.3 |  90.1 | 100.0 |   N/A |  98.2 | 328.1
         Sewer |   9.7 |   9.9 |   0.0 |   N/A |   1.8 |  49.0
               +-------+-------+-------+-------+-------+----------------------

Vault maps used:
D:1:      lightli_arrival_flooded_house
D:2:      nicolae_ru_the_path_less_chosen, first_ration, uniq_jessica
D:3:      minmay_snake_closets, uniq_grinder
D:4:      elyvilon_altar_5, cheibrodos_sewer_entry_drain
D:5:      lemuel_insect_pit
D:6:      kennysheep_mini, lemuel_doored_altar,
          minmay_temple_entry_purple_smoke, serial_shops, shop
D:7:      nicolae_dithmenos_the_darkroom, tso_oasis_becter, marbit_many_paths
D:8:      small_chamber_with_monster, hangedman_little_slice_of_home,
          grunt_decor_clamped
Sewer:    sewer_co_cracked_pipes
